[ PARTIDA AOE2 · #507017633 ]
UnrankedTurcos vs Mongols
Equipo del jugador · VICT
Equipo rival · DERR
[ ANÁLISIS DE REPETICIÓN · EXTRAÍDO DE LA PARTIDA GRABADA ]
Feudal
34:36
Castillos
—
Imperial
—
| APM promedio | 48.4 |
| APM pico | 109 |
| eAPM promedio | 27.8 |
| Aldeanos / militares | 132 / 10 |
Foco
⚔️ 27.0% · 🌾 73.0%
Fishing Ship ×12 · Scout Cavalry ×10
Feudal
29:02
Castillos
34:20
Imperial
—
| APM promedio | 55.2 |
| APM pico | 106 |
| eAPM promedio | 31.1 |
| Aldeanos / militares | 64 / 9 |
Foco
⚔️ 38.0% · 🌾 62.0%
Scorpion ×7 · Fishing Ship ×4 · Battering Ram ×2
Mapa de la partida
Recursos iniciales + cada clic de construcción. Líneas = muros · curvas = relieve. ◆ oro · ⬟ piedra · ● bayas · ✦ reliquia · ◌ hueco del cierre
Tu base· ✓ Cerrada en 12:00 · 17t muro · 1 puerta(s)
Base de ceepki· ✓ Cerrada en 34:20 · 29t muro · sin puerta
Terreno inicial suavizado · ◌ = hueco del cierre detectado · pasá el cursor para detalles
Inputs por minuto
— 心急則泥肘 - - ceepki
Build order — 心急則泥肘
Primeras 150 de 290 acciones detectadas
| 0:00 | Crear | Villager (Male) |
| 0:00 | Crear | Villager (Male) |
| 0:02 | Construir | House |
| 0:02 | Construir | House |
| 0:15 | Crear | Villager (Male) |
| 0:15 | Crear | Villager (Male) |
| 0:15 | Crear | Villager (Male) |
| 0:22 | Investigar | Loom |
| 0:22 | Crear | Villager (Male) |
| 0:22 | Crear | Villager (Male) |
| 0:23 | Crear | Villager (Male) |
| 0:23 | Crear | Villager (Male) |
| 2:17 | Crear | Villager (Male) |
| 2:17 | Crear | Villager (Male) |
| 2:46 | Construir | Lumber Camp |
| 2:47 | Crear | Villager (Male) |
| 2:48 | Crear | Villager (Male) |
| 3:15 | Crear | Villager (Male) |
| 3:16 | Crear | Villager (Male) |
| 3:44 | Crear | Villager (Male) |
| 3:44 | Crear | Villager (Male) |
| 4:02 | Crear | Villager (Male) |
| 4:02 | Crear | Villager (Male) |
| 4:16 | Crear | Villager (Male) |
| 4:16 | Crear | Villager (Male) |
| 4:20 | Construir | House |
| 4:34 | Crear | Villager (Male) |
| 5:02 | Crear | Villager (Male) |
| 5:02 | Crear | Villager (Male) |
| 5:16 | Crear | Villager (Male) |
| 5:16 | Crear | Villager (Male) |
| 5:30 | Construir | Mill |
| 5:56 | Construir | House |
| 6:03 | Crear | Villager (Male) |
| 6:03 | Crear | Villager (Male) |
| 6:03 | Crear | Villager (Male) |
| 6:30 | Crear | Villager (Male) |
| 6:35 | Crear | Villager (Male) |
| 6:36 | Crear | Villager (Male) |
| 6:36 | Crear | Villager (Male) |
| 6:55 | Construir | Outpost |
| 7:22 | Construir | Palisade Gate |
| 7:26 | Construir | House |
| 7:29 | Construir | House |
| 7:47 | Crear | Villager (Male) |
| 7:47 | Crear | Villager (Male) |
| 8:05 | Crear | Villager (Male) |
| 8:31 | Construir | Palisade Wall |
| 8:32 | Construir | Palisade Wall |
| 8:33 | Construir | Palisade Wall |
| 8:41 | Construir | Palisade Wall |
| 8:41 | Construir | Palisade Wall |
| 8:43 | Crear | Villager (Male) |
| 8:56 | Construir | Palisade Wall |
| 9:21 | Crear | Villager (Male) |
| 9:34 | Construir | Palisade Wall |
| 9:37 | Construir | Palisade Wall |
| 9:39 | Construir | Palisade Wall |
| 9:44 | Construir | Palisade Wall |
| 9:45 | Construir | Palisade Wall |
| 9:49 | Construir | Palisade Wall |
| 11:47 | Construir | Palisade Wall |
| 11:49 | Construir | Palisade Wall |
| 11:50 | Construir | Palisade Wall |
| 11:52 | Construir | Palisade Wall |
| 11:54 | Construir | Palisade Wall |
| 11:58 | Construir | Palisade Wall |
| 12:08 | Crear | Villager (Male) |
| 12:08 | Crear | Villager (Male) |
| 12:30 | Construir | Palisade Wall |
| 12:33 | Construir | House |
| 13:02 | Construir | Palisade Wall |
| 13:05 | Crear | Villager (Male) |
| 13:05 | Crear | Villager (Male) |
| 13:35 | Construir | Palisade Wall |
| 13:35 | Construir | Palisade Wall |
| 13:39 | Crear | Villager (Male) |
| 13:39 | Crear | Villager (Male) |
| 14:05 | Crear | Villager (Male) |
| 14:06 | Crear | Villager (Male) |
| 14:06 | Crear | Villager (Male) |
| 14:32 | Crear | Villager (Male) |
| 14:32 | Crear | Villager (Male) |
| 14:54 | Crear | Villager (Male) |
| 14:54 | Crear | Villager (Male) |
| 15:02 | Construir | Palisade Wall |
| 15:10 | Crear | Villager (Male) |
| 15:10 | Crear | Villager (Male) |
| 15:30 | Crear | Villager (Male) |
| 15:30 | Crear | Villager (Male) |
| 15:30 | Crear | Villager (Male) |
| 16:01 | Crear | Villager (Male) |
| 16:01 | Crear | Villager (Male) |
| 16:28 | Crear | Villager (Male) |
| 16:28 | Crear | Villager (Male) |
| 16:28 | Crear | Villager (Male) |
| 17:01 | Crear | Villager (Male) |
| 17:01 | Crear | Villager (Male) |
| 17:18 | Crear | Villager (Male) |
| 17:18 | Crear | Villager (Male) |
| 17:26 | Construir | Mill |
| 17:41 | Crear | Villager (Male) |
| 17:41 | Crear | Villager (Male) |
| 17:46 | Construir | Palisade Gate |
| 18:00 | Crear | Villager (Male) |
| 18:01 | Crear | Villager (Male) |
| 18:11 | Crear | Villager (Male) |
| 18:12 | Crear | Villager (Male) |
| 18:12 | Crear | Villager (Male) |
| 18:46 | Construir | House |
| 19:09 | Crear | Villager (Male) |
| 19:09 | Crear | Villager (Male) |
| 19:10 | Crear | Villager (Male) |
| 19:45 | Crear | Villager (Male) |
| 19:47 | Construir | Palisade Wall |
| 19:58 | Construir | Palisade Wall |
| 20:16 | Crear | Villager (Male) |
| 20:16 | Crear | Villager (Male) |
| 20:23 | Construir | Palisade Wall |
| 20:24 | Construir | Palisade Wall |
| 20:27 | Construir | House |
| 20:32 | Construir | Palisade Wall |
| 21:11 | Construir | Palisade Wall |
| 21:13 | Construir | Palisade Wall |
| 21:17 | Construir | Palisade Wall |
| 21:22 | Crear | Villager (Male) |
| 21:22 | Crear | Villager (Male) |
| 21:22 | Crear | Villager (Male) |
| 21:23 | Crear | Villager (Male) |
| 22:04 | Crear | Villager (Male) |
| 22:05 | Crear | Villager (Male) |
| 22:28 | Crear | Villager (Male) |
| 22:28 | Crear | Villager (Male) |
| 23:21 | Crear | Villager (Male) |
| 23:21 | Crear | Villager (Male) |
| 23:21 | Crear | Villager (Male) |
| 24:14 | Construir | Farm |
| 24:24 | Construir | Palisade Wall |
| 24:30 | Construir | Palisade Gate |
| 24:36 | Construir | Palisade Wall |
| 24:38 | Construir | Palisade Wall |
| 24:39 | Construir | Palisade Wall |
| 24:40 | Construir | Palisade Wall |
| 24:41 | Construir | Farm |
| 24:49 | Construir | Palisade Wall |
| 24:52 | Construir | Palisade Wall |
| 24:52 | Construir | Palisade Wall |
| 24:55 | Crear | Villager (Male) |
| 24:56 | Crear | Villager (Male) |
| 24:56 | Crear | Villager (Male) |
Build order — ceepki
145 acciones detectadas en el replay
| 0:00 | Crear | Villager (Male) |
| 0:01 | Crear | Villager (Male) |
| 0:01 | Crear | Villager (Male) |
| 0:01 | Crear | Villager (Male) |
| 0:03 | Construir | House |
| 0:28 | Investigar | Loom |
| 0:30 | Investigar | Loom |
| 0:52 | Crear | Villager (Male) |
| 0:53 | Crear | Villager (Male) |
| 1:07 | Crear | Villager (Male) |
| 2:30 | Crear | Villager (Male) |
| 2:30 | Crear | Villager (Male) |
| 2:37 | Construir | Palisade Wall |
| 2:41 | Construir | Palisade Wall |
| 2:41 | Construir | Palisade Wall |
| 2:53 | Construir | Palisade Wall |
| 2:58 | Construir | Palisade Wall |
| 3:09 | Construir | Lumber Camp |
| 3:13 | Crear | Villager (Male) |
| 3:33 | Construir | House |
| 3:54 | Crear | Villager (Male) |
| 4:32 | Crear | Villager (Male) |
| 4:32 | Crear | Villager (Male) |
| 4:59 | Crear | Villager (Male) |
| 4:59 | Crear | Villager (Male) |
| 5:06 | Construir | House |
| 5:20 | Crear | Villager (Male) |
| 5:41 | Construir | Dock |
| 5:45 | Crear | Villager (Male) |
| 6:04 | Crear | Villager (Male) |
| 6:30 | Crear | Fishing Ship |
| 6:33 | Construir | House |
| 6:40 | Crear | Villager (Male) |
| 6:40 | Crear | Villager (Male) |
| 7:13 | Crear | Villager (Male) |
| 7:26 | Construir | Palisade Gate |
| 7:32 | Crear | Villager (Male) |
| 8:03 | Construir | House |
| 8:16 | Construir | Palisade Wall |
| 8:21 | Construir | Palisade Wall |
| 8:24 | Construir | Palisade Wall |
| 8:30 | Crear | Villager (Male) |
| 8:32 | Crear | Villager (Male) |
| 9:48 | Crear | Fishing Ship |
| 10:17 | Crear | Villager (Male) |
| 10:54 | Construir | House |
| 12:07 | Construir | Palisade Wall |
| 12:09 | Construir | Palisade Wall |
| 12:10 | Construir | Palisade Wall |
| 12:11 | Construir | Palisade Wall |
| 12:44 | Construir | Palisade Wall |
| 12:45 | Construir | Palisade Wall |
| 12:47 | Crear | Villager (Male) |
| 13:26 | Construir | Palisade Wall |
| 13:38 | Crear | Villager (Male) |
| 13:51 | Crear | Fishing Ship |
| 14:28 | Construir | Lumber Camp |
| 15:02 | Crear | Villager (Male) |
| 15:30 | Crear | Villager (Male) |
| 15:45 | Crear | Villager (Male) |
| 15:45 | Crear | Villager (Male) |
| 16:07 | Crear | Villager (Male) |
| 16:13 | Construir | Palisade Wall |
| 16:15 | Construir | Palisade Wall |
| 16:24 | Construir | Palisade Wall |
| 16:32 | Construir | Palisade Wall |
| 16:35 | Crear | Villager (Male) |
| 16:49 | Crear | Fishing Ship |
| 17:11 | Crear | Villager (Male) |
| 17:11 | Crear | Villager (Male) |
| 17:11 | Crear | Villager (Male) |
| 17:23 | Crear | Villager (Male) |
| 18:13 | Construir | House |
| 18:19 | Crear | Villager (Male) |
| 18:25 | Crear | Villager (Male) |
| 18:34 | Crear | Villager (Male) |
| 18:40 | Crear | Villager (Male) |
| 19:06 | Crear | Villager (Male) |
| 19:40 | Crear | Villager (Male) |
| 19:51 | Crear | Villager (Male) |
| 19:59 | Crear | Villager (Male) |
| 20:05 | Construir | Mill |
| 20:14 | Crear | Villager (Male) |
| 20:33 | Crear | Villager (Male) |
| 20:33 | Crear | Villager (Male) |
| 20:57 | Crear | Villager (Male) |
| 21:23 | Crear | Villager (Male) |
| 21:29 | Construir | Palisade Wall |
| 21:32 | Construir | Palisade Wall |
| 21:34 | Construir | Palisade Wall |
| 21:38 | Construir | Palisade Wall |
| 21:39 | Crear | Villager (Male) |
| 21:56 | Crear | Villager (Male) |
| 22:01 | Crear | Villager (Male) |
| 23:13 | Crear | Villager (Male) |
| 23:53 | Crear | Villager (Male) |
| 23:59 | Crear | Villager (Male) |
| 24:06 | Crear | Villager (Male) |
| 24:30 | Construir | Palisade Wall |
| 24:30 | Construir | Palisade Wall |
| 24:35 | Crear | Villager (Male) |
| 25:12 | Crear | Villager (Male) |
| 25:16 | Construir | House |
| 25:24 | Construir | Palisade Wall |
| 25:29 | Construir | Palisade Wall |
| 25:31 | Crear | Villager (Male) |
| 25:43 | Construir | House |
| 25:51 | Crear | Villager (Male) |
| 25:58 | Crear | Villager (Male) |
| 26:45 | Investigar | Feudal Age |
| 26:45 | Investigar | Feudal Age |
| 27:25 | Crear | Villager (Male) |
| 27:33 | Construir | Mining Camp |
| 28:05 | Construir | Palisade Wall |
| 28:06 | Construir | Palisade Wall |
| 28:07 | Construir | Palisade Wall |
| 28:09 | Construir | Palisade Wall |
| 28:43 | Construir | Lumber Camp |
| 28:45 | Crear | Villager (Male) |
| 29:02 | Edad | Edad Feudal |
| 30:15 | Construir | Palisade Wall |
| 30:24 | Construir | Market |
| 30:55 | Construir | Blacksmith |
| 31:40 | Investigar | Castle Age |
| 31:41 | Investigar | Castle Age |
| 31:58 | Construir | Lumber Camp |
| 32:31 | Construir | Mining Camp |
| 34:20 | Edad | Edad de los Castillos |
| 34:22 | Construir | Siege Workshop |
| 34:32 | Construir | Siege Workshop |
| 34:51 | Construir | Palisade Wall |
| 34:55 | Crear | Scorpion |
| 35:26 | Crear | Battering Ram |
| 35:44 | Crear | Scorpion |
| 36:14 | Crear | Scorpion |
| 36:40 | Construir | Palisade Gate |
| 36:42 | Construir | House |
| 36:44 | Construir | Palisade Wall |
| 37:39 | Crear | Battering Ram |
| 39:02 | Crear | Scorpion |
| 39:48 | Crear | Scorpion |
| 39:48 | Crear | Scorpion |
| 39:52 | Construir | House |
| 40:22 | Construir | Monastery |
| 40:51 | Crear | Scorpion |
Cronología de la partida
| 2:37 | ceepki · wall_segment Palisade Wall x8 |
| 2:41 | ceepki · wall_segment Palisade Wall x1 |
| 2:41 | ceepki · wall_segment Palisade Wall x1 |
| 2:53 | ceepki · wall_segment Palisade Wall x1 |
| 2:58 | ceepki · wall_segment Palisade Wall x1 |
| 5:41 | ceepki · first_building Dock |
| 8:16 | ceepki · wall_segment Palisade Wall x1 |
| 8:21 | ceepki · wall_segment Palisade Wall x1 |
| 8:24 | ceepki · wall_segment Palisade Wall x1 |
| 8:31 | 心急則泥肘 · wall_segment Palisade Wall x1 |
| 8:32 | 心急則泥肘 · wall_segment Palisade Wall x1 |
| 8:33 | 心急則泥肘 · wall_segment Palisade Wall x1 |
| 8:41 | 心急則泥肘 · wall_segment Palisade Wall x1 |
| 8:41 | 心急則泥肘 · wall_segment Palisade Wall x1 |
| 8:56 | 心急則泥肘 · wall_segment Palisade Wall x1 |
| 9:34 | 心急則泥肘 · wall_segment Palisade Wall x1 |
| 9:37 | 心急則泥肘 · wall_segment Palisade Wall x1 |
| 9:39 | 心急則泥肘 · wall_segment Palisade Wall x1 |
| 9:44 | 心急則泥肘 · wall_segment Palisade Wall x1 |
| 9:45 | 心急則泥肘 · wall_segment Palisade Wall x1 |
| 9:49 | 心急則泥肘 · wall_segment Palisade Wall x1 |
| 11:47 | 心急則泥肘 · wall_segment Palisade Wall x1 |
| 11:49 | 心急則泥肘 · wall_segment Palisade Wall x1 |
| 11:50 | 心急則泥肘 · wall_segment Palisade Wall x1 |
| 11:52 | 心急則泥肘 · wall_segment Palisade Wall x1 |
| 11:54 | 心急則泥肘 · wall_segment Palisade Wall x1 |
| 11:58 | 心急則泥肘 · wall_segment Palisade Wall x1 |
| 12:07 | ceepki · wall_segment Palisade Wall x1 |
| 12:09 | ceepki · wall_segment Palisade Wall x1 |
| 12:10 | ceepki · wall_segment Palisade Wall x1 |
| 12:11 | ceepki · wall_segment Palisade Wall x1 |
| 12:30 | 心急則泥肘 · wall_segment Palisade Wall x1 |
| 12:44 | ceepki · wall_segment Palisade Wall x1 |
| 12:45 | ceepki · wall_segment Palisade Wall x1 |
| 13:02 | 心急則泥肘 · wall_segment Palisade Wall x1 |
| 13:26 | ceepki · wall_segment Palisade Wall x4 |
| 13:35 | 心急則泥肘 · wall_segment Palisade Wall x1 |
| 13:35 | 心急則泥肘 · wall_segment Palisade Wall x1 |
| 15:02 | 心急則泥肘 · wall_segment Palisade Wall x1 |
| 16:13 | ceepki · wall_segment Palisade Wall x1 |
| 16:15 | ceepki · wall_segment Palisade Wall x1 |
| 16:24 | ceepki · wall_segment Palisade Wall x1 |
| 16:32 | ceepki · wall_segment Palisade Wall x1 |
| 19:47 | 心急則泥肘 · wall_segment Palisade Wall x1 |
| 19:58 | 心急則泥肘 · wall_segment Palisade Wall x1 |
| 20:23 | 心急則泥肘 · wall_segment Palisade Wall x1 |
| 20:24 | 心急則泥肘 · wall_segment Palisade Wall x1 |
| 20:32 | 心急則泥肘 · wall_segment Palisade Wall x1 |
| 21:11 | 心急則泥肘 · wall_segment Palisade Wall x1 |
| 21:13 | 心急則泥肘 · wall_segment Palisade Wall x1 |
| 21:17 | 心急則泥肘 · wall_segment Palisade Wall x1 |
| 21:29 | ceepki · wall_segment Palisade Wall x1 |
| 21:32 | ceepki · wall_segment Palisade Wall x1 |
| 21:34 | ceepki · wall_segment Palisade Wall x1 |
| 21:38 | ceepki · wall_segment Palisade Wall x1 |
| 24:24 | 心急則泥肘 · wall_segment Palisade Wall x1 |
| 24:30 | ceepki · wall_segment Palisade Wall x1 |
| 24:30 | ceepki · wall_segment Palisade Wall x1 |
| 24:36 | 心急則泥肘 · wall_segment Palisade Wall x1 |
| 24:38 | 心急則泥肘 · wall_segment Palisade Wall x1 |
| 24:39 | 心急則泥肘 · wall_segment Palisade Wall x1 |
| 24:40 | 心急則泥肘 · wall_segment Palisade Wall x1 |
| 24:49 | 心急則泥肘 · wall_segment Palisade Wall x1 |
| 24:52 | 心急則泥肘 · wall_segment Palisade Wall x3 |
| 24:52 | 心急則泥肘 · wall_segment Palisade Wall x1 |
| 25:05 | 心急則泥肘 · wall_segment Palisade Wall x1 |
| 25:24 | ceepki · wall_segment Palisade Wall x1 |
| 25:29 | ceepki · wall_segment Palisade Wall x1 |
| 25:57 | 心急則泥肘 · wall_segment Palisade Wall x1 |
| 26:32 | 心急則泥肘 · wall_segment Palisade Wall x1 |
| 26:52 | 心急則泥肘 · first_building Dock |
| 27:56 | 心急則泥肘 · wall_segment Palisade Wall x1 |
| 28:01 | 心急則泥肘 · wall_segment Palisade Wall x1 |
| 28:05 | ceepki · wall_segment Palisade Wall x1 |
| 28:06 | ceepki · wall_segment Palisade Wall x1 |
| 28:07 | ceepki · wall_segment Palisade Wall x1 |
| 28:09 | ceepki · wall_segment Palisade Wall x1 |
| 28:17 | 心急則泥肘 · wall_segment Palisade Wall x1 |
| 28:21 | 心急則泥肘 · wall_segment Palisade Wall x1 |
| 28:23 | 心急則泥肘 · wall_segment Palisade Wall x1 |
| 28:35 | 心急則泥肘 · wall_segment Palisade Wall x2 |
| 28:39 | 心急則泥肘 · wall_segment Palisade Wall x3 |
| 29:01 | 心急則泥肘 · wall_segment Palisade Wall x1 |
| 29:02 | 心急則泥肘 · wall_segment Palisade Wall x1 |
| 29:02 | ceepki · age_up feudal |
| 29:04 | 心急則泥肘 · wall_segment Palisade Wall x3 |
| 29:06 | 心急則泥肘 · wall_segment Palisade Wall x1 |
| 29:08 | 心急則泥肘 · wall_segment Palisade Wall x1 |
| 30:06 | 心急則泥肘 · wall_segment Palisade Wall x1 |
| 30:15 | ceepki · wall_segment Palisade Wall x1 |
| 30:58 | 心急則泥肘 · wall_segment Palisade Wall x1 |
| 31:04 | 心急則泥肘 · wall_segment Palisade Wall x1 |
| 31:34 | ceepki · first_market_buy 100 food |
| 31:35 | ceepki · first_market_sell 100 stone |
| 34:20 | ceepki · age_up castle |
| 34:22 | ceepki · first_building Siege Workshop |
| 34:36 | 心急則泥肘 · age_up feudal |
| 34:50 | 心急則泥肘 · wall_segment Palisade Wall x1 |
| 34:51 | ceepki · wall_segment Palisade Wall x1 |
| 34:51 | 心急則泥肘 · wall_segment Palisade Wall x1 |
| 36:10 | 心急則泥肘 · first_building Barracks |
| 36:27 | 心急則泥肘 · wall_segment Stone Wall x1 |
| 36:39 | 心急則泥肘 · first_market_sell 100 food |
| 36:40 | 心急則泥肘 · first_market_buy 100 wood |
| 36:41 | 心急則泥肘 · first_building Stable |
| 36:44 | ceepki · wall_segment Palisade Wall x1 |
| 36:51 | 心急則泥肘 · wall_segment Stone Wall x2 |
| 36:53 | 心急則泥肘 · wall_segment Stone Wall x1 |
| 37:30 | 心急則泥肘 · wall_segment Stone Wall x5 |
| 37:39 | 心急則泥肘 · wall_segment Stone Wall x2 |
| 37:39 | 心急則泥肘 · wall_segment Stone Wall x1 |
| 38:12 | 心急則泥肘 · wall_segment Palisade Wall x1 |
| 40:22 | ceepki · first_building Monastery |
| 40:57 | ceepki · resign |
[ ANÁLISIS IA · 1 CRÉDITO ]
¿Qué pasó realmente en esta partida?
Wolo.gg analiza cada decisión: build order, eco, micro, errores típicos por bracket. Análisis personalizado por WhatsApp o Discord en 30 segundos.
Guía civ
Turcos
Perfil
Jugador #15507280